 Dungeon Crawl Stone Soup version 0.26-a0-670-g578ab304f5 (webtiles) character file.

Game seed: 8780477983504988187

170 ANON1729 the Covered (level 5, -4/44 HPs)
             Began as a Minotaur Wanderer on Oct 18, 2020.
             Slain by a phantom (5 damage)
             ... on level 4 of the Dungeon.
             The game lasted 00:03:43 (2304 turns).

ANON1729 the Covered (Minotaur Wanderer)            Turns: 2304, Time: 00:03:43

Health: -4/44      AC:  9    Str: 15 (18) XL:     5   Next: 25%
Magic:  4/4        EV: 10    Int:  5 (7)  God:
Gold:   102        SH:  0    Dex:  9 (11) Spells: 4/4 levels left

rFire    . . .     SeeInvis .   a - +0 dagger
rCold    . . .     Faith    .   (no shield)
rNeg     . . .     Spirit   .   d - +2 scale mail
rPois    .         Reflect  .   (helmet restricted)
rElec    .         Harm     .   (no cloak)
rCorr    .         Rampage  .   (no gloves)
MR       .....                  (no boots)
Stlth    ..........             (no amulet)
HPRegen  0.14/turn              (no ring)
MPRegen  0.09/turn              (no ring)

@: berserk cooldown, slowed, very slow
A: retaliatory headbutt, horns 2
a: no special abilities


You were on level 4 of the Dungeon.
You visited 1 branch of the dungeon, and saw 4 of its levels.

You collected 102 gold pieces.

Inventory:

Hand Weapons
 a - a +0 dagger (weapon)
Missiles
 c - 14 poisoned darts (quivered)
Armour
 d - a +2 scale mail (worn)
Wands
 l - a wand of random effects (8)
Scrolls
 b - 3 scrolls of teleportation
 g - 3 scrolls of remove curse
 h - a scroll of random uselessness {unknown}
 j - 2 scrolls of identify {unknown}
 k - a scroll of blinking {unknown}
 m - a scroll of fog {unknown}
Potions
 i - a potion of cancellation


   Skills:
 + Level 2.9 Fighting
   Level 1.2 Long Blades
   Level 1.1 Bows
 + Level 2.3 Throwing
 + Level 4.6 Armour
 + Level 2.6 Dodging
 + Level 2.1 Stealth
 - Level 1.0 Evocations


You had 4 spell levels left.
You didn't know any spells.
Your spell library was empty.

Dungeon Overview and Level Annotations

Branches:
Dungeon (4/15)
 Temple: D:4-7

Altars:


Innate Abilities, Weirdness & Mutations

You reflexively headbutt those who attack you in melee.
You have a pair of horns on your head.


Message History

Evoke which item? (* to show all) (? for menu, Esc to quit)
Press: ? - help, Shift-Dir - straight line Nothing appears to happen.
Evoke which item? (* to show all) (? for menu, Esc to quit)
Press: ? - help, Shift-Dir - straight line Nothing appears to happen.
Evoke which item? (* to show all) (? for menu, Esc to quit)
Press: ? - help, Shift-Dir - straight line Nothing appears to happen.
A phantom appears from thin air!
Reactivating autopickup.
Evoke which item? (* to show all) (? for menu, Esc to quit)
Aiming: Random Effects
Press: ? - help, Shift-Dir - straight line, f - phantom
Aim: a phantom (severely damaged, fast)
The bolt of poison hits the phantom.
The phantom completely resists.
The phantom is severely damaged.
The phantom hits you.
* * * LOW HITPOINT WARNING * * *
The phantom misses you. The phantom hits you.
You die...

### ### ##..## .
###.###....# .. ###
##....#..# .## ...
###.###........##..#....
#.....#.......@#........
##.............W.........
#...##...#..###...#....#
#........#...#...## ..#
##.#....##.......# #
#...<..†.......##
.......#.....##...#
........##...#.....#
...#........#.......


You could see a phantom (fast).

Vanquished Creatures
  An orc wizard (D:3)
  Ijyb (D:3)
  Natasha (D:2)
  A worker ant (D:4)
  An ooze (D:2)
  An adder skeleton (D:4)
  3 orcs (D:3)
  4 bats
  A giant cockroach (D:3)
  7 hobgoblins
  10 jackals
  A quokka (D:4)
  4 frilled lizards
  11 goblins
  5 kobolds
  8 rats
60 creatures vanquished.

Notes
Turn   | Place    | Note
-------+----------+-------------------------------------------
     0 | D:1      | ANON1729 the Minotaur Wanderer began the quest for the Orb.
     0 | D:1      | ANON1729 set off with the following items: a +0 dagger, a
                  | scroll of teleportation, 12 poisoned darts, a +2 scale mail
     0 | D:1      | Reached XP level 1. HP: 16/16 MP: 0/0
    98 | D:1      | Reached XP level 2. HP: 23/23 MP: 1/1
   724 | D:1      | Reached XP level 3. HP: 27/29 MP: 2/2
   875 | D:2      | Reached skill level 4 in Armour
   900 | D:2      | Noticed Natasha
   915 | D:2      | Killed Natasha
  1148 | D:2      | You fall into a shaft and drop 1 floor!
  1207 | D:3      | Reached XP level 4. HP: 37/37 MP: 3/3
  1607 | D:3      | Noticed Ijyb
  1930 | D:3      | Killed Ijyb
  1930 | D:3      | Reached XP level 5. HP: 42/42 MP: 4/4
  2252 | D:4      | Noticed a phantom
  2304 | D:4      | HP: 1/44 [phantom (3)]
  2304 | D:4      | Slain by a phantom

Illustrated notes

Levels and vault maps discovered:
D:1:      dpeg_arrival_three_smaller_balls, layout_basic
D:2:      layout_loops_ring, uniq_crazy_yiuf_cottage, uniq_natasha
D:3:      kennysheep_goblin_castle, layout_rooms
D:4:      layout_cave_pools, nemelex_lonely_heart_becter, uniq_grinder

Skill      XL: |  1  2  3  4 |
---------------+-------------+-----
Armour         | 4 |  4.6
Fighting       | 2 |  2.9
Dodging        | 2 |  2.6
Throwing       | 2 |  2.3
Stealth        | 2 |  2.1
Long Blades    | |  1.2
Bows           | |  1.1
Evocations     | |  1.0

Action                   |  1- 3 |  4- 6 || total
-------------------------+-------+-------++-------
Melee: Dagger            |   131 |    89 ||   220
       Headbutt          |    23 |    13 ||    36
Evoke: Wand              |       |    11 ||    11
  Use: Scroll            |     1 |       ||     1
       Potion            |       |     3 ||     3
Armor: Scale mail        |    61 |    33 ||    94
Dodge: Dodged            |    64 |    64 ||   128

Table legend: (Time is in decaauts)
 A = Elapsed time spent in this place.
 B = Non-inter-level travel time spent in this place.
 C = Inter-level travel time spent in this place.
 D = Time resting spent in this place.
 E = Time spent auto-exploring this place.
 F = Levels seen in this place.
 G = Mean time per level.
                   A        B        C        D        E       F      G
               +--------+--------+--------+--------+--------+-----+--------+
         Total |   2298 |   2207 |     91 |    448 |   1279 |   4 |  574.5 |
       Dungeon |   2298 |   2207 |     91 |    448 |   1279 |   4 |  574.5 |
               +--------+--------+--------+--------+--------+-----+--------+

Top non-repeatable levels by time:
     D:3: 927 daAuts
     D:1: 857 daAuts
     D:2: 287 daAuts
     D:4: 226 daAuts
